 Dungeon Crawl Stone Soup version 0.19-a0-1019-g9c6a58d (webtiles) character file.

42 AlphabetPasta the Ducker (level 3, -1/19 HPs)
             Began as a Spriggan Wanderer on July 25, 2016.
             Slain by an adder (4 damage)
             ... on level 2 of the Dungeon.
             The game lasted 00:04:21 (1164 turns).

AlphabetPasta the Ducker (Spriggan Wanderer)        Turns: 1164, Time: 00:04:22

Health: -1/19      AC:  2    Str:  7    XL:     3   Next: 35%
Magic:  5/5        EV: 19    Int: 14    God:
Gold:   59         SH:  0    Dex: 16    Spells: 0 memorised, 2 levels left

rFire  . . .     SeeInvis +     a - +2 dagger
rCold  . . .     Gourm    .     e - +0 robe
rNeg   . . .     Faith    .     (shield restricted)
rPois  .         Spirit   .     (helmet restricted)
rElec  .         Dismiss  .     (no cloak)
rCorr  .         Reflect  .     (gloves unavailable)
SustAt .         Harm     .     (boots unavailable)
MR     .....                    (no amulet)
Stlth  +++.......               (no ring)
                                (no ring)

@: lethally poisoned (-1 -> -3), very quick, not resistant to hostile
enchantments, fairly stealthy
A: unfitting armour, see invisible, herbivore 3, speed 3, slow metabolism 2
a: no special abilities


You were on level 2 of the Dungeon.
You were not hungry.

You visited 1 branch of the dungeon, and saw 2 of its levels.

You collected 59 gold pieces.

Inventory:

Hand Weapons
 a - a +2 dagger (weapon)
Armour
 e - a +0 robe (worn)
Scrolls
 b - a scroll of blinking
 c - 2 scrolls of amnesia {unknown}
 g - a scroll of fear {unknown}
 k - a scroll of remove curse {unknown}
Potions
 d - 2 potions of agility {unknown}
 h - a potion of invisibility {unknown}
 i - a potion of ambrosia {unknown}
 j - 2 potions of flight {unknown}
Comestibles
 f - a bread ration


   Skills:
 + Level 2.7 Fighting
 * Level 1.6(2.0) Short Blades
   Level 1.0(1.2) Long Blades
   Level 1.3 Polearms
 + Level 3.5 Dodging
 * Level 3.3 Stealth
   Level 1.3 Evocations


You had 2 spell levels left.
You didn't know any spells.

Dungeon Overview and Level Annotations

Branches:
Dungeon (2/15)

Altars:


Innate Abilities, Weirdness & Mutations

You are tiny and cannot use many weapons and most armour.
You have supernaturally acute eyesight. (SInv)
You are a herbivore.
You cover ground extremely quickly.
You need consume almost no food.


Message History

The adder is lightly wounded.
You feel sick. The adder closely misses you.
You hit the adder.
The adder is heavily wounded.
The adder bites you.
You hit the adder.
The adder is severely wounded.
The adder closely misses you.
You hit the adder but do no damage.
The adder is severely wounded.
The adder barely misses you.
You barely miss the adder.
The adder is severely wounded.
You feel sick. The adder closely misses you.
You barely miss the adder.
The adder is severely wounded.
The adder bites you.
* * * LOW HITPOINT WARNING * * *
The adder bites you.
You die...

....#
...............+.....
....#
.........#.#...#.#.###
...##
.####....#.......#...
......
#...#.#.####.....####
......
#..........+......
###...
#........###...... #
.. #.#[........# # #
#.#.#'#........ #
#.#.#.#.#@#........
#.......#S#........
#.........#........
#......##.#........
#.#.#.............. #
#.#######.#..... . .#
. # ..


You could see an adder.

Vanquished Creatures
  A worm (D:2)
  3 dart slugs (D:1)
  2 giant cockroaches (D:1)
  5 goblins (D:1)
  6 hobgoblins (D:1)
  4 kobolds (D:1)
  A ball python (D:1)
  A bat (D:1)
  9 rats (D:1)
32 creatures vanquished.

Notes
Turn   | Place    | Note
-------+----------+-------------------------------------------
     0 | D:1      | AlphabetPasta the Spriggan Wanderer began the quest for the Orb.
     0 | D:1      | AlphabetPasta set off with: a +2 dagger, a scroll of blinking, a +0 quarterstaff, a +0 spear, a +0 robe, a bread ration
     0 | D:1      | Reached XP level 1. HP: 11/11 MP: 3/3
   239 | D:1      | Reached XP level 2. HP: 14/16 MP: 4/4
   482 | D:1      | Reached skill level 1 in Short Blades
   671 | D:1      | Reached XP level 3. HP: 17/19 MP: 5/5
  1164 | D:2      | Slain by an adder

Vault maps used:
D:1:      dpeg_arrival_windows_large_door
D:2:      amethyst_overflow_temple_binary, nicolae_overflow_hidden_temple,
          ecumenical_altar_2, first_bread, fedhas_altar_fruit_tree, uniq_iyjb

Skill      XL: |  1  2 |
---------------+-------+-----
Stealth        | 2 3 |  3.3
Short Blades   | 1 |  1.6
Fighting       | |  2.7
Long Blades    | |  1.0
Polearms       | |  1.3
Dodging        | |  3.5
Evocations     | |  1.3

Action                   || total
-------------------------++-------
Melee: Dagger            ||   121
 Stab: Sleeping          ||    10
Armor: Robe              ||     3
Dodge: Dodged            ||    74
